 Seeded DCSS version 0.30-a0-304-gdc4b735fe1 (webtiles) character file.

Game seed: 452596964315409404 (custom seed)

2175 koil the Covert (level 9, 0/46 HPs)
             Began as a Spriggan Brigand on Oct 21, 2022.
             Was a Believer of Wu Jian.
             Splashed by a jelly's acid (2 damage)
             ... on level 2 of the Dungeon.
             The game lasted 00:19:01 (5551 turns).

koil the Covert (Spriggan Brigand)                  Turns: 5551, Time: 00:19:01

Health: 0/46       AC: -8    Str:  7    XL:     9   Next: 11%
Magic:  16/16      EV: 21    Int: 22    God:    Wu Jian [**....]
Gold:   381        SH:  5    Dex: 17    Spells: 14/16 levels left

rFire   . . .      SeeInvis +    h - +12 quick blade "Gimble" {protect}
rCold   . . .      Faith    .    (shield currently unavailable)
rNeg    . . .      Spirit   .    u - +2 robe {Will+}
rPois   .          Reflect  +    (helmet restricted)
rElec   .          Harm     .    c - +0 cloak
rCorr   .          Rampage  .    (gloves unavailable)
Will    ++...                    (boots unavailable)
Stlth   ++++......               m - amulet of reflection
HPRegen 0.27/turn                p - +6 ring of intelligence
MPRegen 0.15/turn                (no ring)

@: corroded, under a protective aura, very quick
A: very small, no large weapons, unfitting armour, see invisible, speed 3
a: Renounce Religion, Wall Jump


You were on level 2 of the Dungeon.
You worshipped Wu Jian.
Wu Jian was pleased with you.
You visited 2 branches of the dungeon, and saw 7 of its levels.

You collected 381 gold pieces.

Inventory:

Hand Weapons
 a - a +3 dagger
 h - the +12 quick blade "Gimble" (weapon) {protect}
   (You found it on level 5 of the Dungeon)

   It grants its wielder temporary protection when it strikes (+7 to AC).
Missiles
 k - 2 curare-tipped darts (quivered)
 v - 12 poisoned darts
Armour
 c - a +0 cloak (worn)
 u - a +2 robe of willpower (worn)
Magical Staves
 n - a staff of fire
Jewellery
 m - an amulet of reflection (around neck)
 p - a +6 ring of intelligence (left hand)
Wands
 f - a wand of roots (6)
 g - a wand of flame (18)
Scrolls
 b - 2 scrolls of poison {unknown}
 i - a scroll of vulnerability {unknown}
 j - a scroll of summoning {unknown}
 l - a scroll of fear {unknown}
Potions
 d - a potion of curing
 e - a potion of lignification {unknown}
 r - a potion of invisibility
 s - a potion of brilliance


   Skills:
 + Level 4.4 Fighting
 + Level 6.0 Short Blades
 - Level 4.1 Throwing
 + Level 6.7 Dodging
 + Level 9.9 Stealth
 + Level 4.0 Spellcasting
 + Level 4.1 Hexes


You had 14 spell levels left.
You knew the following spells:

 Your Spells              Type           Power      Damage    Failure   Level
a - Ensorcelled Hibernat  Hex/Ice        26%        N/A       7%          2

Your spell library contained the following spells:

 Spells                   Type           Power      Damage    Failure   Level
 Necrotise                Necr           16%        1d4       11%         1
 Passwall                 Tmut/Erth      3%         N/A       17%         2
 Ignite Poison            Fire/Tmut/Pois 4%         N/A       32%         3
 Kindle Blastsparks       Fire/Tloc/Air  8%         2d10      32%         3
 Swiftness                Air            4%         N/A       32%         3
 Vhi's Electric Charge    Tloc/Air       8%         N/A       32%         3
 Arcjolt                  Conj/Air       2%         1d12      97%         5
 Freezing Cloud           Conj/Ice/Air   2%         6-21      97%         5
 Maxwell's Capacitive Co  Air            2%         ∞         100%        8


Dungeon Overview and Level Annotations

Branches:
Dungeon (6/15)             Temple (1/1) D:4

Altars:
Ashenzari
Cheibriados
Dithmenos
Elyvilon
Fedhas
Gozag
Hepliaklqana
Kikubaaqudgha
Makhleb
Nemelex Xobeh
Okawaru
Qazlal
Ru
Sif Muna
Trog
Uskayaw
Vehumet
Wu Jian
Xom
Zin
The Shining One

Shops:
D:2 [


Innate Abilities, Weirdness & Mutations

You are very small and have problems with some larger weapons.
You are too small for most types of armour.
You have supernaturally acute eyesight. (SInv)
You cover ground extremely quickly. (Speed+++)


Message History

You are too injured to fight recklessly!
You are too injured to fight recklessly!
Unknown command.
The endoplasm quivers.
The jelly jiggles.
There is an open door here.
You close the door.
You hear a distant slurping noise.
The door mysteriously vanishes.
You see here a +0 short sword.
There is an open door here.
You close the door.
You hear a distant slurping noise.
The door mysteriously vanishes.
There is an open gate here.
You close the gate.
Items here: ( ))))))).
You hear a distant slurping noise.
The door mysteriously vanishes.
Items here: ( ))))))).
You see here a +0 dagger.
You hit the jelly but do no damage.
Your weapon exudes an aura of protection.
Your hands burn!
You hit the jelly.
Your hands burn!
You barely miss the jelly. x2
You hit the jelly. The acid corrodes you!
Your hands burn!
You hit the jelly.
Your hands burn!
You block the jelly's attack.
You hit the jelly but do no damage.
Your hands burn!
* * * LOW HITPOINT WARNING * * *
You hit the jelly. The acid corrodes you!
Your hands burn!
* * * LOW HITPOINT WARNING * * *
You spin and attack the jelly repeatedly.
You hit the jelly.
Your hands burn!
* * * LOW HITPOINT WARNING * * *
You hit the jelly but do no damage.
Your hands burn!
* * * LOW HITPOINT WARNING * * *
You hit the jelly.
Your hands burn!
* * * LOW HITPOINT WARNING * * *
You hit the jelly but do no damage.
Your hands burn!
You die...

# ##### ########
#.##. #......#
##.+.. #......#
##.J...
#...J#)#######...+..
#..@.#......)....##.
#>..)###############
####.### # #...# ##
###.##### #.
#.....### #.
##.∩.#..# ##
#......>## #
#..####..#


You could see a jelly.

Vanquished Creatures
  The ghost of Ekaitz the Grave Robber, an amateur DsNe of Sif Muna (D:5)
  Sigmund (D:2)
  A water moccasin (D:6)
  2 sky beasts (D:6)
  2 ice beasts
  A centaur (D:5)
  6 ogres
  2 phantoms
  A necrophage (D:6)
  2 scorpions
  3 orc priests
  2 jellies (D:2)
  An iguana (D:5)
  3 orc wizards (D:6)
  3 gnolls (D:6)
  5 adders
  A shadow imp (D:6)
  A white imp (D:5)
  2 ufetubi
  A worm (D:2)
  11 orcs
  10 endoplasms
  3 giant cockroaches
  6 goblins
  7 hobgoblins
  6 jackals
  17 kobolds
  2 quokkas
  7 ball pythons
  5 bats
  2 frilled lizards (D:1)
  6 rats
123 creatures vanquished.

Vanquished Creatures (others)
  A fungus (D:2)
  2 plants (D:3)
  7 toadstools (D:2)
10 creatures vanquished.

Grand Total: 133 creatures vanquished

Notes
Turn   | Place    | Note
-------+----------+-------------------------------------------
     0 | D:1      | koil the Spriggan Brigand began the quest for the Orb.
     0 | D:1      | Reached XP level 1. HP: 10/10 MP: 2/2
   128 | D:1      | Reached skill level 6 in Stealth
   194 | D:1      | You fall into a shaft and drop 1 floor!
   218 | D:2      | Reached XP level 2. HP: 11/15 MP: 3/3
   326 | D:2      | Found Tiaxt's Armour Shop.
   514 | D:2      | Reached XP level 3. HP: 18/18 MP: 4/4
   532 | D:2      | Noticed Sigmund
   573 | D:2      | Killed Sigmund
   574 | D:2      | Reached skill level 7 in Stealth
   574 | D:2      | Reached XP level 4. HP: 19/23 MP: 5/5
   574 | D:2      | Reached XP level 5. HP: 22/27 MP: 6/6
  1226 | D:3      | Found a glowing silver altar of Zin.
  1612 | D:4      | Identified the +1 ring mail of the Centipede {Harm Rampage
                  | Str+7 Dex-2}
  1668 | D:4      | Found a staircase to the Ecumenical Temple.
  1772 | D:4      | Reached XP level 6. HP: 9/32 MP: 7/7
  2174 | Temple   | Entered the Ecumenical Temple
  2399 | Temple   | Became a worshipper of the Wu Jian Council
  2461 | D:5      | Entered Level 5 of the Dungeon
  2529 | D:5      | Noticed an ice beast
  2536 | D:5      | Killed an ice beast
  2537 | D:5      | Reached XP level 7. HP: 36/36 MP: 8/8
  2715 | D:5      | Reached skill level 8 in Stealth
  2744 | D:5      | Found a bloodstained altar of Trog.
  2825 | D:5      | Learned a level 2 spell: Ensorcelled Hibernation
  2842 | D:5      | Found an ancient bone altar of Kikubaaqudgha.
  2843 | D:5      | Found a radiant altar of Vehumet.
  2844 | D:5      | Found a shimmering blue altar of Sif Muna.
  2850 | D:5      | Got Kikubaaqudgha's Anthology of Necromancy
  3283 | D:5      | Reached skill level 5 in Dodging
  3321 | D:5      | Reached skill level 1 in Spellcasting
  3321 | D:5      | Reached skill level 1 in Hexes
  3427 | D:5      | Found a runed translucent door.
  3428 | D:5      | Noticed Ekaitz's ghost (amateur DsNe)
  3429 | D:5      | Found the +12 pair of quick blades "Gyre" and "Gimble"
                  | {protect}
  3726 | D:5      | Killed Ekaitz's ghost
  3727 | D:5      | Reached skill level 5 in Short Blades
  3727 | D:5      | Reached XP level 8. HP: 42/42 MP: 10/12
  3773 | D:5      | Found a white marble altar of Elyvilon.
  3774 | D:5      | Found a shadowy altar of Dithmenos.
  3775 | D:5      | Found a snail-covered altar of Cheibriados.
  4002 | D:6      | Reached skill level 9 in Stealth
  4003 | D:6      | Reached * piety under Wu Jian
  4383 | D:6      | Reached XP level 9. HP: 46/46 MP: 15/15
  5159 | D:1      | Reached ** piety under Wu Jian
  5551 | D:2      | HP: 2/46 [acid (4)]
  5551 | D:2      | Splashed by a jelly's acid

Illustrated notes

Levels and vault maps discovered:
D:1:      dpeg_arrival_oval, layout_loops_ring, nrook_mini_backslash
D:2:      cheibrodos_fertilizer, layout_rooms, serial_aquarium,
          aquarium_bridge_straight [aquarium_subvault_bridge,
          aquarium_subvault_wall, aquarium_subvault_bridge,
          aquarium_subvault_balcony], aquarium_window_corner,
          aquarium_window_corridor_3, aquarium_window_2, aquarium_window_fake,
          aquarium_view_2e, aquarium_balcony_5a, serial_shops,
          nicolae_shop_stone, uniq_natasha, uniq_robin, uniq_sigmund
D:3:      layout_rooms, zin_scriptorium, chequers_big_river
D:4:      layout_basic, temple_green, gammafunk_ghost_necromancy,
          minmay_mini_jars
D:5:      layout_layer_cave, grunt_temple_overflow_magic_moments,
          trog_hazing_becter, chequers_temple_overflow_statue_of_worship,
          ebering_ghost_inner_flame, minmay_misc_feat_plants,
          chequers_serial_rivers_large_a
D:6:      layout_loops_ring, serial_rivers, chequers_serial_rivers_marsh,
          chequers_serial_rivers_micro_d, chequers_serial_rivers_marsh,
          chequers_serial_rivers_room_a, chequers_serial_rivers_micro_b,
          kennysheep_generic_room_5
Temple:   nicolae_temple_figure_eight

Skill      XL: |  1  2  3  4  5  6  7  8  9 |
---------------+----------------------------+-----
Stealth        | 6 7 8 9 |  9.9
Dodging        | 2 3 4 5 6 |  6.7
Fighting       | 2 3 4 |  4.4
Short Blades   | 3 4 5 6 |  6.0
Throwing       | 3 4 |  4.1
Spellcasting   | 2 3 4 |  4.0
Hexes          | 2 4 |  4.1

Action                   |  1- 3 |  4- 6 |  7- 9 || total
-------------------------+-------+-------+-------++-------
Melee: Dagger            |    80 |   111 |    95 ||   286
       Punch             |       |     2 |       ||     2
       Pair of quick bla |       |       |    94 ||    94
Throw: Dart              |    21 |    10 |     5 ||    36
Invok: Lunge             |       |     1 |    19 ||    20
       Whirlwind         |       |       |     1 ||     1
  Use: Scroll            |       |     5 |     3 ||     8
       Potion            |       |     1 |     2 ||     3
 Stab: Sleeping          |     3 |     5 |    18 ||    26
Armor: Robe              |     8 |    14 |     8 ||    30
Dodge: Dodged            |    46 |    96 |   107 ||   249
Block: Other             |       |       |     2 ||     2

Table legend: (Time is in decaauts)
 A = Elapsed time spent in this place.
 B = Non-inter-level travel time spent in this place.
 C = Inter-level travel time spent in this place.
 D = Time resting spent in this place.
 E = Time spent auto-exploring this place.
 F = Levels seen in this place.
 G = Mean time per level.
                   A        B        C        D        E       F      G
               +--------+--------+--------+--------+--------+-----+--------+
         Total |   3773 |   3508 |    265 |     43 |   2455 |   7 |  539.0 |
       Dungeon |   3528 |   3281 |    247 |      5 |   2325 |   6 |  588.0 |
        Temple |    245 |    227 |     18 |     38 |    130 |   1 |  245.0 |
               +--------+--------+--------+--------+--------+-----+--------+

Top non-repeatable levels by time:
     D:5: 1099 daAuts
     D:3: 514 daAuts
     D:2: 512 daAuts
     D:4: 502 daAuts
     D:1: 474 daAuts
     D:6: 425 daAuts
  Temple: 245 daAuts
